 Dungeon Crawl Stone Soup version 0.19-a0-607-g42021f0 (webtiles) character file.

305 epen the Sneak (level 6, 0/30 HPs)
             Began as a Spriggan Enchanter on June 12, 2016.
             Slain by an ooze (2 damage)
             ... in a sewer.
             The game lasted 00:10:14 (3535 turns).

epen the Sneak (Spriggan Enchanter)                 Turns: 3535, Time: 00:10:15

Health: 0/30       AC:  3    Str:  4    XL:     6   Next: 15%
Magic:  1/13       EV: 17    Int: 22    God:
Gold:   139        SH:  0    Dex: 18    Spells: 3 memorised, 7 levels left

rFire  . . .     SeeInvis +     a - +1 dagger
rCold  . . .     Gourm    .     b - +1 robe
rNeg   . . .     Faith    .     (shield restricted)
rPois  .         Spirit   .     (helmet restricted)
rElec  .         Dismiss  .     (no cloak)
rCorr  .         Reflect  .     (gloves unavailable)
SustAt .         Harm     .     (boots unavailable)
MR     +....                    (no amulet)
Stlth  ++++......               (no ring)
                                (no ring)

@: brilliant, constricted, very quick, somewhat resistant to hostile
enchantments, stealthy
A: unfitting armour, see invisible, herbivore 3, speed 3, slow metabolism 2
a: no special abilities


You were in a sewer.
You were not hungry.

You visited 1 branch of the dungeon, and saw 3 of its levels.
You also visited: Sewer.

You collected 139 gold pieces.

Inventory:

Hand Weapons
 a - a +1 dagger (weapon)
Armour
 b - a +1 robe (worn)
Scrolls
 g - a scroll of noise {unknown}
 h - a scroll of fear {unknown}
 i - a scroll of teleportation {unknown}
 k - a scroll of random uselessness {unknown}
 l - a scroll of remove curse {unknown}
Potions
 e - a potion of brilliance
 j - a potion of berserk rage {unknown}
Books
 c - a book of Maledictions

   Spells                             Type                      Level
   a - Corona                         Hexes                        1
   b - Ensorcelled Hibernation        Hexes/Ice                    2
   c - Confuse                        Hexes                        3
   d - Tukima's Dance                 Hexes                        3
   e - Dazzling Spray                 Conjuration/Hexes            3


   Skills:
 + Level 1.0 Fighting
 + Level 1.3 Short Blades
 + Level 4.2 Dodging
 + Level 6.9 Stealth
 + Level 4.4 Spellcasting
 + Level 5.0 Hexes
 + Level 0.4 Ice Magic


You had 7 spell levels left.
You knew the following spells:

 Your Spells              Type           Power        Failure   Level  Hunger
a - Corona                Hex            #####..      1%          1    None
b - Ensorcelled Hibernat  Hex/Ice        ####..       1%          2    #......
c - Confuse               Hex            #####...     1%          3    ##.....


Dungeon Overview and Level Annotations

Branches:
Dungeon (4/15)
 Temple: D:4-7

Altars:
Elyvilon
Zin
The Shining One


Innate Abilities, Weirdness & Mutations

You are tiny and cannot use many weapons and most armour.
You have supernaturally acute eyesight. (SInv)
You are a herbivore.
You cover ground extremely quickly.
You need consume almost no food.


Message History

Aiming: Confuse
Press: ? - help, Shift-Dir - straight line, f/p - giant frog
Aim: a giant frog (chance to defeat MR: 50%)
The giant frog resists with significant effort.
The giant frog completely misses you.
The giant newt bites you but does no damage.
The giant frog hits you but does no damage.
The giant newt closely misses you. The ball python closely misses you.
The ball python constricts you. The ooze misses you. The giant frog misses you.
The ooze closely misses you.
It was a potion of brilliance.
You feel clever all of a sudden. The giant frog hits you!
* * * LOW HITPOINT WARNING * * *
The giant newt bites you.
* * * LOW HITPOINT WARNING * * *
The giant frog closely misses you. The ball python closely misses you.
The ball python constricts you. The giant newt barely misses you.
The ooze hits you.
You die...

##≈.#≈.≈##≈≈≈##≈≈≈#≈≈##.##
#≈≈.#≈≈##≈≈≈≈≈##.≈#≈≈≈#≈.#
#.≈##≈≈#≈≈≈≈.≈≈#≈.###≈#≈≈#
#≈≈#≈≈##≈≈≈.≈≈≈##≈≈≈#≈#.≈#
#≈.#≈≈#≈≈≈≈≈.≈≈≈#≈≈∩#≈#≈≈#
#≈≈#≈≈#≈≈≈.≈≈≈≈≈#≈.≈#†#≈.#
#≈≈#≈†#≈lS..≈.≈≈#≈.##.#≈.#
#≈.#≈†#≈SFJ$≈≈≈≈#≈≈#≈†#..#
#≈.#≈≈#≈F@J:$≈≈≈#.≈#≈≈#≈≈#
#.≈#≈≈##≈ll?≈.≈##..#≈≈≈≈≈#
#≈≈##≈≈#≈≈≈.≈≈...≈.#≈≈≈.≈#
#≈≈≈#≈≈##≈≈.≈≈≈.≈###≈≈.≈≈#
##.≈#≈≈≈##≈≈≈≈≈###≈#######
#≈.##≈†≈#######≈≈.≈≈#
#≈≈.#≈≈.≈≈≈.≈≈≈.†≈≈≈#
##≈≈##≈..≈..≈≈≈##..##
#≈.†##≈≈.≈≈≈≈##≈≈##


You could see 2 giant frogs, 2 oozes, a giant gecko, 2 ball pythons and 2 giant
newts.

Vanquished Creatures
  An ogre (D:4)
  4 gnolls
  2 adders
  9 oozes (Sewer)
  An adder skeleton (D:4)
  3 worms
  A dart slug (D:1)
  17 giant geckos
  9 ball pythons
  6 bats
  7 giant cockroaches
  3 goblins (D:1)
  8 hobgoblins (D:1)
  7 jackals
  14 giant newts
  3 kobolds
  4 rats
99 creatures vanquished.

Notes
Turn   | Place    | Note
--------------------------------------------------------------
     0 | D:1      | epen the Spriggan Enchanter began the quest for the Orb.
     0 | D:1      | Reached XP level 1. HP: 9/9 MP: 5/5
   161 | D:1      | Reached XP level 2. HP: 7/13 MP: 4/6
   165 | D:1      | Learned a level 2 spell: Ensorcelled Hibernation
   718 | D:1      | Reached skill level 5 in Stealth
   770 | D:1      | Reached XP level 3. HP: 10/16 MP: 0/8
  1092 | D:1      | Learned a level 3 spell: Confuse
  1456 | D:2      | Found a glowing golden altar of the Shining One.
  1456 | D:2      | Found a white marble altar of Elyvilon.
  1456 | D:2      | Found a glowing silver altar of Zin.
  1811 | D:2      | Reached skill level 6 in Stealth
  1811 | D:2      | Reached XP level 4. HP: 21/21 MP: 0/10
  2379 | D:2      | You fall through a shaft for 2 floors!
  2467 | D:4      | Noticed an ogre
  2480 | D:4      | Killed an ogre
  2480 | D:4      | Reached XP level 5. HP: 25/25 MP: 7/12
  2568 | D:4      | Found a glowing drain.
  2608 | Sewer    | Entered a sewer
  2798 | Sewer    | Reached skill level 1 in Fighting
  3154 | Sewer    | Reached XP level 6. HP: 30/30 MP: 5/13
  3406 | Sewer    | Reached skill level 5 in Hexes
  3535 | Sewer    | Slain by an ooze

Vault maps used:
D:1:      lightli_arrival_farm
D:2:      good_gods_mini_temple, uniq_sigmund
D:4:      old_standard_altar, gup_sewer_entry_bubbles, grunt_decor_arrowhead
Sewer:    sewer_frog_island_02

Skill      XL: |  1  2  3  4  5  6 |
---------------+-------------------+-----
Spellcasting   | 3 4 |  4.4
Hexes          | 4 5 |  5.0
Stealth        | 5 6 |  6.9
Fighting       | 1 |  1.0
Dodging        | 4 |  4.2
Short Blades   | |  1.3
Ice Magic      | |  0.4

Action                   |  1- 3 |  4- 6 || total
-------------------------+-------+-------++-------
Melee: Dagger            |    92 |   241 ||   333
 Cast: Corona            |     7 |       ||     7
       Ensorcelled Hiber |    32 |    51 ||    83
       Confuse           |     5 |    11 ||    16
  Use: Potion            |       |     1 ||     1
 Stab: Sleeping          |    32 |    38 ||    70
       Confused          |       |     8 ||     8
  Eat: Pizza             |       |     2 ||     2
       Bread ration      |       |     1 ||     1
Armor: Robe              |    20 |    35 ||    55
Dodge: Dodged            |   102 |   285 ||   387
